 Dungeon Crawl Stone Soup version 0.19-a0-414-g76fec5b (webtiles) character file.

3629 wvc the Bludgeoner (level 10, -3/102 HPs)
             Began as an Ogre Wanderer on May 31, 2016.
             Was a Priest of Okawaru.
             Slain by Noname's ghost (12 damage)
             ... on level 8 of the Dungeon.
             The game lasted 00:23:14 (8664 turns).

wvc the Bludgeoner (Ogre Wanderer)                  Turns: 8664, Time: 00:23:15

Health: -3/102     AC: 11    Str: 20    XL:     10   Next: 11%
Magic:  9/9        EV: 12    Int:  9    God:    Okawaru [***...]
Gold:   397        SH:  0    Dex: 13    Spells: 0 memorised, 9 levels left

rFire  . . .     SeeInvis .     D - +2 dire flail (protect)
rCold  . . .     Gourm    .     d - +1 robe
rNeg   . . .     Faith    .     (shield currently unavailable)
rPois  +         Spirit   .     (helmet restricted)
rElec  .         Dismiss  .     B - +2 cloak
rCorr  .         Reflect  .     (gloves unavailable)
SustAt .         Harm     .     (boots unavailable)
MR     +....                    (no amulet)
Stlth  +.........               (no ring)
                                u - ring of poison resistance

@: confused, drained, somewhat resistant to hostile enchantments, very
unstealthy
A: unfitting armour, claws 1, hooves 1, horns 1, deformed body, low mp 1,
screaming 1, tough skin 1
a: Heroism, Renounce Religion


You were on level 8 of the Dungeon.
You worshipped Okawaru.
Okawaru was most pleased with you.
You were not hungry.

You visited 2 branches of the dungeon, and saw 9 of its levels.

You collected 397 gold pieces.

Inventory:

Hand Weapons
 j - a +0 giant club
 s - a +0 morningstar
 D - a +2 dire flail of protection (weapon)
 F - the +9 war axe of Understanding {drain, +Inv rC+, unknown}
   (You took it off a kobold on level 8 of the Dungeon)

   A truly terrible weapon, it drains the life of those it strikes.
   It protects you from cold.
   It lets you turn invisible.
 G - a +0 mace of draining
 K - a +2 whip of freezing
Missiles
 h - 15 tomahawks (quivered)
 J - 2 silver tomahawks
Armour
 d - a +1 robe (worn)
 t - a +0 shield
 y - a cursed +0 ring mail
 B - a +2 cloak (worn)
Magical Staves
 H - an uncursed staff of cold {unknown}
Jewellery
 e - an uncursed amulet of regeneration {unknown}
 u - a ring of poison resistance (left claw)
 N - the amulet of Balance {Faith Int+5, unknown}
   (You took it off a gnoll on level 7 of the Dungeon)

   [amulet of faith]

   It allows you to gain divine favour quickly.
   It affects your intelligence (+5).
Wands
 a - a wand of slowing (23/48)
 r - a wand of slowing (22/48)
 v - a wand of lightning (6/15)
 z - a wand of flame (9/48)
 E - a wand of iceblast (6/15)
 I - a wand of confusion (15/48)
Scrolls
 b - a scroll of fear
 n - 2 scrolls of immolation
 o - 8 scrolls of remove curse
 p - 2 scrolls of enchant armour
Potions
 g - a potion of ambrosia
 k - 2 potions of flight
 l - a potion of lignification {unknown}
 m - a potion of magic {unknown}
 q - 9 potions of curing
 x - a potion of cure mutation {unknown}
 A - a potion of agility {unknown}
 C - a potion of resistance {unknown}
 L - 3 potions of degeneration {unknown}
 M - a potion of haste
Books
 f - an Akashic Record

   Spells                             Type                      Level
   a - Dispersal                      Translocation                6
   b - Malign Gateway                 Summoning/Translocation      7
   c - Disjunction                    Translocation                8
   d - Controlled Blink               Translocation                8
Comestibles
 c - 4 bread rations
 i - 3 meat rations
 w - 2 chunks of flesh


   Skills:
 + Level 7.1(6.8) Fighting
 * Level 15.2(14.9) Maces & Flails
 - Level 1.0(0.7) Throwing
 + Level 5.2(4.9) Dodging
 - Level 1.5(1.3) Stealth
 - Level 1.0(0.7) Unarmed Combat


You had 9 spell levels left.
You didn't know any spells.

Dungeon Overview and Level Annotations

Branches:
Dungeon (8/15)             Temple (1/1) D:4
   Lair: D:8-11

Altars:
Ashenzari
Cheibriados
Dithmenos
Elyvilon
Fedhas
Gozag
Hepliaklqana
Kikubaaqudgha
Makhleb
Nemelex Xobeh
Okawaru
Pakellas
Qazlal
Ru
Sif Muna
Trog
Uskayaw
Vehumet
Xom
Yredelemnul
Zin
The Shining One

Shops:
D:6 (   D:8 (

Annotations:
D:8 Noname's ghost, novice HOGl


Innate Abilities, Weirdness & Mutations

You are too large for most types of armour.
You have tough skin. (AC +1)
You have sharp fingernails.
You have large cloven feet.
You have a pair of small horns on your head.
Armour fits poorly on your strangely shaped body.
Your magical capacity is low. (-10% MP)
You occasionally shout uncontrollably at your foes.


Message History

You completely miss Noname's ghost.
Noname's ghost is severely damaged.
Noname's ghost hits you!!
* * * LOW HITPOINT WARNING * * *
You are too injured to fight recklessly!
You are too injured to fight recklessly!
You are too injured to fight recklessly!
You barely miss Noname's ghost.
You kick Noname's ghost, but do no damage.
Noname's ghost is severely damaged.
Noname's ghost hits you!!
* * * LOW HITPOINT WARNING * * *
You are confused.
You feel invigorated. Noname's ghost hits you.
* * * LOW HITPOINT WARNING * * *
Noname's ghost closely misses you.
An adder comes into view.
You feel like a meek peon again. Noname's ghost hits you!
You die...

#........##......##
.#.............##
..#.#..##....## #
#.#.#..##...##
..##.#.#.#..###.##
............# ...
............# .#.
..######W#..# '#..
#@#..W.. ..
........#......
.######S#.......
..#.......
#.#..###.# ... #.#
..#


You could see Noname's ghost and an adder.

Vanquished Creatures
  Pikel (D:7)
  Grinder (D:4)
  Sigmund (D:6)
  2 hippogriffs
  Eustachio (D:5)
  Edmund (D:6)
  A sky beast (D:6)
  A phantom (D:5)
  An orc warrior (D:6)
  A centaur (D:8)
  2 ogres
  A slave (D:7)
  Blork the orc (D:6)
  A big kobold (D:8)
  The ghost of Kidiri the Magician, an amateur DEFE (D:3)
  4 giant frogs
  A scorpion (D:5)
  6 killer bees (D:7)
  A howler monkey (D:4)
  2 electric eels (D:7)
  A quasit (D:6)
  3 hounds
  A jelly (D:7)
  An orc priest (D:8)
  Crazy Yiuf (D:6)
  3 orc wizards
  A giant frog skeleton (D:8)
  4 iguanas
  5 worker ants
  A hound skeleton (D:4)
  A howler monkey zombie (D:7)
  6 gnolls (D:7)
  A worker ant zombie (D:8)
  6 adders
  An adder zombie (D:6)
  12 dart slugs
  2 giant geckos
  17 orcs
  4 ball pythons
  8 bats
  4 giant cockroaches
  5 goblins
  7 hobgoblins
  14 jackals
  2 quokkas
  A giant gecko skeleton (D:7)
  4 giant newts
  6 kobolds
  A quokka skeleton (D:4)
  A quokka zombie (D:6)
  5 rats
160 creatures vanquished.

Vanquished Creatures (others)
  2 slaves (D:7)
  A gnoll (D:7)
  A giant gecko zombie (D:7)
4 creatures vanquished.

Grand Total: 164 creatures vanquished

Notes
Turn   | Place    | Note
--------------------------------------------------------------
     0 | D:1      | wvc the Ogre Wanderer began the quest for the Orb.
     0 | D:1      | wvc set off with: a potion of haste, a scroll of fear, a +0 short sword, a +0 robe, a +0 dagger, a bread ration
     0 | D:1      | Reached XP level 1. HP: 24/24 MP: 1/1
   153 | D:1      | Reached skill level 1 in Maces & Flails
   201 | D:1      | Reached skill level 2 in Maces & Flails
   201 | D:1      | Reached XP level 2. HP: 32/32 MP: 2/2
  1441 | D:2      | Reached skill level 3 in Maces & Flails
  1480 | D:2      | Reached XP level 3. HP: 39/39 MP: 3/3
  1541 | D:2      | wvc: аддер на D2 уже локальным мемас кравлотреда. Потому что юркий и ядовитый.
  1853 | D:2      | Found a sparkling altar of Nemelex Xobeh.
  1956 | D:2      | spark: я из-за аддера не раз на йух полетал
  1957 | D:2      | Reached skill level 4 in Maces & Flails
  2087 | D:2      | wvc: вообще в топе причин смерти вроде тот же ибучий шакал, потом идёт гнолл, хобгоблин и аж потом аддер
  2087 | D:2      | wvc: но аддер самое обидное.
  2087 | D:2      | wvc: особенно когда его убил, а отравление смертельное и лечиться нечем
  2087 | D:2      | spark: маленькая хуезмейка
  2234 | D:3      | Noticed Kidiri's ghost (amateur DEFE)
  2240 | D:3      | spark: что за двери в стенах?
  2329 | D:2      | Reached XP level 4. HP: 43/48 MP: 4/4
  2817 | D:3      | spark: > ork barely kisses you
  2826 | D:2      | wvc: даже misses смешно
  2826 | D:2      | wvc: скучает за тобой, видите ли
  2826 | D:2      | spark: почему?
  2826 | D:2      | spark: ааа
  2981 | D:3      | Reached skill level 5 in Maces & Flails
  3120 | D:3      | Killed Kidiri's ghost
  3120 | D:3      | Reached skill level 6 in Maces & Flails
  3120 | D:3      | Reached XP level 5. HP: 48/54 MP: 5/5
  3128 | D:3      | spark: я почему кинжал именно непроклятый?
  3129 | D:3      | wvc: потому что я видел как гоблин взял его в руки/менял на пращу
  3129 | D:3      | wvc: проклятый бы он не смор
  3129 | D:3      | wvc: не смог
  3129 | D:3      | wvc: а герой наблюдательный
  3129 | D:3      | wvc: и с памятью, позволяющей помнить расположение каждого камушка и ссаного кинжальчика во всём данже
  3240 | D:4      | Reached skill level 7 in Maces & Flails
  3307 | D:4      | Reached XP level 6. HP: 57/62 MP: 6/6
  3532 | D:4      | Noticed Grinder
  3552 | D:4      | Paralysed by Grinder for 4 turns
  3579 | D:4      | Paralysed by Grinder for 4 turns
  3629 | D:4      | Paralysed by Grinder for 3 turns
  3644 | D:4      | Paralysed by Grinder for 3 turns
  3648 | D:4      | Killed Grinder
  3648 | D:4      | Reached skill level 9 in Maces & Flails
  3648 | D:4      | Reached XP level 7. HP: 28/70 MP: 7/7
  3933 | D:4      | Found a staircase to the Ecumenical Temple.
  3942 | Temple   | Entered the Ecumenical Temple
  4008 | Temple   | Became a worshipper of Warmaster Okawaru
  4253 | D:5      | Entered Level 5 of the Dungeon
  4350 | D:5      | Noticed Eustachio
  4360 | D:5      | Killed Eustachio
  4360 | D:5      | Reached skill level 10 in Maces & Flails
  4996 | D:5      | Reached * piety under Okawaru
  4996 | D:5      | Reached skill level 11 in Maces & Flails
  4996 | D:5      | Reached XP level 8. HP: 78/78 MP: 8/8
  5661 | D:6      | Found Onky's Antique Weapon Shop.
  5797 | D:6      | Noticed Crazy Yiuf
  5801 | D:6      | Killed Crazy Yiuf
  5801 | D:6      | Reached skill level 12 in Maces & Flails
  5942 | D:6      | Found a glowing golden altar of the Shining One.
  6023 | D:6      | Gained mutation: You have large cloven feet. [mutagenic meat]
  6024 | D:6      | Gained mutation: You have sharp fingernails. [mutagenic meat]
  6025 | D:6      | Gained mutation: Your magical capacity is low. (-10% MP) [mutagenic meat]
  6026 | D:6      | Gained mutation: You have a pair of small horns on your head. [mutagenic meat]
  6027 | D:6      | Gained mutation: You occasionally shout uncontrollably at your foes. [mutagenic meat]
  6028 | D:6      | Gained mutation: Armour fits poorly on your strangely shaped body. [mutagenic meat]
  6037 | D:6      | Noticed Sigmund
  6039 | D:6      | Noticed Edmund
  6325 | D:6      | Noticed Blork the orc
  6331 | D:6      | Killed Blork the orc
  6435 | D:6      | Reached ** piety under Okawaru
  6458 | D:6      | Killed Sigmund
  6458 | D:6      | Reached skill level 5 in Fighting
  6458 | D:6      | Reached skill level 13 in Maces & Flails
  6458 | D:6      | Reached XP level 9. HP: 37/88 MP: 8/8
  6683 | D:6      | Killed Edmund
  7307 | D:7      | Reached skill level 14 in Maces & Flails
  7512 | D:7      | Noticed Pikel
  7521 | D:7      | Killed Pikel
  7521 | D:7      | Reached *** piety under Okawaru
  7526 | D:7      | Received a gift from Okawaru
  7943 | D:7      | Got a twitching tin amulet
  7967 | D:7      | Found a white marble altar of Elyvilon.
  7971 | D:7      | Reached skill level 15 in Maces & Flails
  7971 | D:7      | Reached XP level 10. HP: 100/100 MP: 9/9
  8282 | D:8      | Reached skill level 5 in Dodging
  8333 | D:8      | Found a radiant altar of Vehumet.
  8571 | D:8      | Found Ziaxt's Antique Weapon Emporium.
  8622 | D:8      | Got a translucent war axe {drain}
  8642 | D:8      | Noticed Noname's ghost (novice HOGl)
  8661 | D:8      | HP: 1/102 [Noname's ghost (21)]
  8664 | D:8      | Slain by Noname's ghost

Vault maps used:
D:1:      roderic_octagonal_star
D:2:      hangedman_decor_points, nemelex_altar_shiori
D:3:      portal_sewer_entry_d, nrook_mini_vaults
D:4:      minmay_temple_entry_grid, first_bread, uniq_grinder
D:5:      minmay_misc_feat_diagonals, uniq_eustachio
D:6:      kennysheep_spiral_hall, nicolae_tso_carved_into_rock, serial_shops,
          kennysheep_little_box, uniq_blork_the_orc, uniq_crazy_yiuf_cottage,
          uniq_edmund, uniq_sigmund
D:7:      kennysheep_slugbush, old_standard_altar, uniq_pikel
D:8:      lemuel_doored_altar, erik_lair_orcish_takeover, serial_shops, shop,
          grunt_ogre_cave, serial_park_tiny_2, minmay_diamond_spiral
Temple:   grunt_circular_temple_18

Skill      XL: |  1  2  3  4  5  6  7  8  9 10 |
---------------+-------------------------------+-----
Maces & Flails | 2 3 4 6 7 9 11 13 15 | 15.2
Dodging        | 3 4 5 |  5.2
Fighting       | 5 6 7 |  7.1
Throwing       | |  1.0
Stealth        | |  1.5
Unarmed Combat | |  1.0

Action                   |  1- 3 |  4- 6 |  7- 9 | 10-12 || total
-------------------------+-------+-------+-------+-------++-------
Melee: Whip              |   170 |   140 |     4 |       ||   314
       Short sword       |     3 |       |       |       ||     3
       Morningstar       |       |       |    50 |       ||    50
       Giant club        |       |       |    57 |       ||    57
       Dire flail        |       |       |   174 |    46 ||   220
       Kick              |       |       |    54 |    19 ||    73
       Headbutt          |       |       |    35 |     6 ||    41
Throw: Tomahawk          |       |    10 |     6 |       ||    16
Invok: Heroism           |       |       |     1 |     1 ||     2
Evoke: Wand              |       |     8 |     5 |       ||    13
  Use: Scroll            |       |    13 |     4 |     1 ||    18
       Potion            |       |     2 |     2 |     1 ||     5
 Stab: Sleeping          |       |     1 |       |       ||     1
  Eat: Chunk             |     5 |     3 |    13 |     1 ||    22
       Bread ration      |       |       |     1 |       ||     1
       Beef jerky        |       |       |     2 |       ||     2
       Fruit             |       |       |       |     5 ||     5
Armor: Robe              |    74 |    58 |    88 |    15 ||   235
Dodge: Dodged            |    94 |    81 |   138 |    22 ||   335
